Map: Eternal Empire LE

Players

DnS

  • Race: Protoss Protoss
  • Spawn Location: 7:00

ArT - Winner!

  • Race: Protoss Protoss
  • Spawn Location: 1:00

Event: DreamHack SC2 Masters 2020 Summer Europe

VOD

Have the link to the VOD?

Description

Time

  • Played on: June 27, 2020, 11:17 a.m.
  • Length: 52:59

All games in this series

Show
View Real Time Build Order
Export as new Build Order

DnS Protoss 

Build Orders: Blink Stalkers, Zealot Archon 

Get SALT Encoding   

  12  0:00  Probe  
  13  0:12  Probe  
  14  0:17  Pylon  
  14  0:23  Probe  
  15  0:31  Probe  
  15  0:36  Gateway  
  15  0:39  Probe  
  16  0:45  Assimilator  
  17  0:51  Probe  
  17  0:54  Assimilator  
  18  0:59  Probe  
  19  1:08  Gateway, Probe  
  19  1:17  Probe  
  20  1:25  Cybernetics Core  
  21  1:29  Probe  
  22  1:33  Pylon  
  22  1:41  Probe  
  23  1:53  Probe  
  24  2:01  Sentry, Stalker  
  28  2:02  Warp Gate  
  28  2:06  Probe  
  29  2:12  Pylon  
  31  2:34  Sentry  
  31  2:37  Nexus  
  31  2:40  Sentry  
  31  2:43  Probe  
  34  2:55  Probe, Pylon  
  35  3:00  Stalker  
  35  3:03  Probe  
  37  3:11  Probe  
  38  3:16  Shield Battery  
  38  3:18  Stalker  
  41  3:22  Probe  
  42  3:31  Probe  
  43  3:34  Twilight Council  
  43  3:39  Probe  
  43  3:46  Probe  
  43  3:48  Probe  
  44  3:54  Forge, Blink, Probe  
  46  4:00  Probe  
  46  4:02  Stalker  
  50  4:04  Probe  
  50  4:05  Stalker  
  53  4:12  Probe  
  53  4:16  Probe  
  53  4:17  Protoss Ground Weapons Level 1  
  55  4:24  Probe  
  55  4:28  Probe  
  57  4:32  Gateway  
  57  4:33  Gateway  
  57  4:36  Probe  
  58  4:41  Probe  
  58  4:44  Assimilator  
  59  4:48  Probe, Pylon  
  60  4:54  Probe  
  60  4:59  Nexus  
  61  5:01  Probe  
  61  5:04  Assimilator  
  61  5:07  Probe  
  63  5:13  Stalker  
  63  5:14  Stalker  
  67  5:28  Pylon  
  67  5:29  Stalker  
  69  5:41  Probe x2  
  62  5:53  Probe  
  62  5:55  Stalker x2  
  62  5:56  Stalker x2  
  71  5:59  Probe  
  72  6:06  Probe  
  72  6:09  Charge  
  73  6:12  Gateway  
  73  6:15  Gateway  
  73  6:16  Probe  
  73  6:17  Probe  
  75  6:25  Probe  
  76  6:26  Templar Archives, Protoss Ground Weapons Level 2  
  74  6:34  Probe x2  
  76  6:46  Probe x2  
  78  6:51  Robotics Facility  
  78  6:55  Gateway  
  78  6:57  Gateway  
  78  7:02  Stalker  
  78  7:03  Probe x2  
  78  7:05  High Templar x2  
  78  7:06  Probe  
  87  7:10  Archon  
  87  7:15  Shield Battery, Probe  
  88  7:18  Pylon  
  88  7:21  Shield Battery, Zealot x2  
  80  7:38  Probe  
  80  7:39  Probe  
  80  7:41  High Templar, Probe  
  80  7:42  High Templar, Zealot x4  
  92  7:46  Warp Prism, Archon  
  91  7:56  Probe x3  
  93  8:05  High Templar x2  
  96  8:06  Zealot x2  
  96  8:08  Probe  
  96  8:10  Archon, Pylon  
  96  8:11  Pylon  
  101  8:13  Shield Battery  
  101  8:14  Shield Battery  
  101  8:20  Pylon x2  
  101  8:27  Probe x3  
  101  8:29  Observer  
  105  8:35  Probe x3  
  108  8:42  Assimilator  
  108  8:43  Probe x2  
  108  8:44  Assimilator  
  108  8:46  Protoss Ground Weapons Level 3  
  110  8:56  Probe  
  110  8:57  Probe  
  110  9:02  Stargate x2  
  112  9:06  Probe  
  112  9:08  Probe  
  112  9:09  Zealot x4  
  122  9:15  Probe  
  122  9:16  Pylon  
  123  9:18  Probe  
  123  9:21  Photon Cannon  
  123  9:22  Photon Cannon  
  124  9:24  Photon Cannon  
  124  9:30  Pylon  
  124  9:47  Phoenix x2  
  124  9:50  Probe  
  124  9:51  High Templar x2  
  124  9:52  High Templar x2, Zealot x3  
  141  9:53  Zealot  
  141  9:54  Phoenix  
  141  9:56  Archon x2  
  141  9:57  Robotics Bay  
  145  10:02  Pylon  
  145  10:03  Pylon  
  145  10:16  Robotics Facility  
  145  10:21  Zealot x2  
  145  10:26  Pylon  
  149  10:29  Nexus  
  149  10:41  Phoenix x2  
  135  10:43  High Templar x2, Zealot  
  135  10:44  Zealot x2  
  135  10:47  Archon  
  141  10:58  Disruptor, Zealot x3  
  147  11:06  Disruptor, Phoenix  
  154  11:19  Zealot  
  154  11:20  Zealot x6  
  154  11:23  Pylon  
  168  11:33  Pylon  
  168  11:34  Pylon  
  168  11:43  Zealot x3  
  174  11:47  Disruptor x2  
  158  12:13  High Templar x2  
  158  12:14  Stalker x4, Nexus, High Templar x2  
  172  12:16  Phoenix  
  172  12:17  Pylon  
  172  12:19  Archon x2, Observer  
  172  12:21  Phoenix  
  172  12:22  Protoss Shields Level 1  
  176  12:24  Probe x2  
  176  12:25  Photon Cannon  
  179  12:31  Probe  
  179  12:36  Probe  
  179  12:41  Photon Cannon  
  179  12:45  Photon Cannon x2  
  179  12:47  Shield Battery  
  179  12:48  Pylon  
  179  12:50  Phoenix  
  181  13:02  Disruptor x2  
  181  13:04  Probe x3  
  186  13:07  Assimilator  
  186  13:10  Photon Cannon  
  186  13:18  Stalker x2  
  186  13:19  Stalker  
  192  13:21  Photon Cannon  
  190  13:47  Gateway, Dark Shrine  
  190  13:50  Gateway  
  190  13:57  Photon Cannon  
  190  14:00  Photon Cannon  
  190  14:02  Shield Battery  
  190  14:11  Assimilator  
  190  14:14  Photon Cannon  
  190  14:15  Probe x3  
  193  14:22  Photon Cannon, Protoss Shields Level 2  
  189  14:33  Protoss Air Weapons Level 1  
  189  14:34  Stargate  
  189  14:35  Disruptor x2, Fleet Beacon  
  195  14:43  Photon Cannon, Pylon  
  195  14:58  Nexus  
  195  14:59  Pylon  
  195  15:03  Unknown  
  197  15:21  Carrier  
  197  15:27  Carrier  
  195  15:30  Photon Cannon  
  195  15:32  Photon Cannon  
  195  15:33  Shield Battery  
  195  15:36  Photon Cannon  
  195  15:38  Photon Cannon  
  195  15:40  Zealot x2  
  195  15:42  Mothership  
  190  15:55  Carrier  
  173  16:06  Zealot x7  
  173  16:23  Probe x2  
  173  16:24  Probe  
  176  16:30  Probe  
  177  16:34  Carrier  
  177  16:35  Probe x2  
  179  16:44  Carrier  
  191  16:48  Probe  
  191  16:49  Probe  
  193  16:57  Pylon  
  193  17:02  Oracle  
  194  17:18  Nexus  
  190  17:30  Zealot x3  
  190  17:32  Shadow Stride  
  196  17:46  Pylon  
  189  17:58  Observer  
  190  18:09  Robotics Facility  
  186  18:17  Observer  
  182  18:26  Dark Templar x2  
  186  18:35  Cybernetics Core x2  
  185  18:42  Pylon  
  185  18:43  Dark Templar x2  
  189  18:50  Fleet Beacon  
  189  18:52  Nexus  
  176  19:33  Tempest x2  
  176  19:36  Dark Templar  
  188  19:40  Dark Templar x2  
  188  19:41  Zealot x4  
  186  19:58  Observer  
  187  20:03  Pylon  
  187  20:05  Stargate  
  187  20:06  Unknown  
  187  20:08  Stargate  
  187  20:09  Disruptor  
  183  20:15  Protoss Air Weapons Level 2  
  183  20:17  Protoss Air Armor Level 1  
  176  20:28  Pylon  
  176  20:34  Tempest x2  
  186  20:43  Photon Cannon  
  186  20:45  Photon Cannon  
  186  20:47  Photon Cannon  
  186  20:48  Photon Cannon x3  
  186  20:50  Shield Battery  
  186  20:52  Photon Cannon  
  184  21:00  Tempest  
  184  21:02  Oracle  
  188  21:27  Nexus  
  188  21:30  Unknown, Pylon  
  185  21:49  Tempest x2  
  185  21:50  Tempest x2  
  185  22:01  High Templar x4  
  185  22:02  High Templar x2  
  185  22:07  Archon x3  
  197  22:11  Protoss Shields Level 3  
  197  22:16  Nexus  
  197  22:20  Dark Templar  
  197  22:22  Protoss Air Armor Level 2  
  199  22:27  Nexus  
  194  22:38  Oracle x2, Protoss Air Weapons Level 3  
  200  22:50  Pylon  
  198  22:58  Dark Templar  
  198  23:08  Photon Cannon  
  195  23:25  Nexus  
  196  23:50  Tempest  
  196  23:55  Unknown  
  198  23:59  Photon Cannon  
  198  24:01  Photon Cannon x2  
  196  24:03  Shield Battery  
  196  24:08  Pylon  
  194  24:12  Dark Templar x2  
  188  25:12  Tempest  
  188  25:13  Tempest x2  
  196  25:26  Stalker x2  
  196  25:28  Nexus  
  200  25:30  Pylon  
  200  25:44  Photon Cannon x2  
  200  25:45  Photon Cannon  
  200  25:46  Photon Cannon  
  194  26:31  Gateway  
  194  26:34  Gateway  
  189  26:41  Pylon  
  184  27:02  Gateway  
  184  27:04  Gateway  
  184  27:06  Gateway  
  184  27:07  Gateway  
  184  27:09  Gateway  
  184  27:23  Pylon  
  184  27:29  Pylon  
  184  27:30  Pylon  
  184  27:31  Pylon  
  184  27:32  Pylon  
  184  27:34  Pylon x2  
  184  27:35  Pylon x3  
  184  27:36  Pylon x2  
  183  27:38  Pylon  
  182  27:45  Pylon  
  181  27:52  Oracle, Tempest  
  181  27:55  Zealot x2  
  189  28:09  Pylon  
  189  28:10  Cybernetics Core  
  189  28:12  Unknown  
  189  28:15  Pylon  
  189  28:26  Oracle  
  192  28:49  Stargate  
  192  28:50  Stargate  
  192  28:51  Stargate  
  192  28:56  Stargate  
  192  29:02  Gateway  
  192  29:04  Gateway  
  192  29:06  Gateway  
  192  29:08  Gateway  
  190  29:10  Gateway  
  190  29:16  Gateway  
  189  29:17  Gateway  
  189  29:18  Nexus  
  189  29:21  Gateway  
  189  29:29  Pylon  
  189  29:43  Fleet Beacon  
  189  29:44  Assimilator x2  
  189  29:52  Robotics Facility  
  188  30:17  Forge  
  185  30:50  Shield Battery  
  185  30:51  Photon Cannon  
  185  30:54  Photon Cannon  
  185  30:55  Pylon  
  185  30:57  Pylon  
  185  30:59  Pylon  
  185  31:09  Pylon  
  185  31:10  Nexus  
  185  31:13  Unknown  
  185  31:16  Protoss Air Armor Level 3  
  184  31:25  Zealot  
  184  31:29  Zealot  
  185  31:51  Photon Cannon  
  185  31:52  Photon Cannon  
  185  31:54  Photon Cannon  
  185  32:04  Tempest x3  
  179  32:14  Tempest  
  198  32:16  Observer  
  199  32:39  Nexus  
  199  32:44  Observer  
  183  33:31  Tempest x4  
  200  33:47  Probe  
  185  33:55  Stalker x2, Probe  
  189  34:03  Pylon  
  189  34:05  Probe  
  188  34:14  Oracle, Probe x4  
  193  34:17  Probe  
  194  34:24  Pylon  
  194  34:29  Probe  
  200  34:36  Probe x4  
  199  34:55  Photon Cannon  
  199  34:58  Photon Cannon x2  
  199  35:00  Photon Cannon  
  199  35:01  Photon Cannon, Shield Battery, Pylon  
  197  35:19  Oracle  
  197  35:36  Oracle  
  197  35:42  Zealot x3  
  195  35:50  Pylon  
  195  35:51  Pylon  
  195  35:52  Pylon x2  
  195  35:53  Pylon x2  
  195  35:55  Pylon  
  195  36:13  Oracle  
  177  36:33  Fleet Beacon  
  174  36:46  Void Ray  
  174  36:47  Void Ray x2  
  172  36:50  Void Ray, Probe  
  181  36:54  Assimilator  
  181  36:55  Assimilator  
  181  36:58  Probe  
  181  37:04  Zealot x9  
  193  37:45  Tempest  
  193  37:46  Pylon  
  192  38:04  Tempest  
  197  38:08  Gateway  
  197  38:11  Gateway  
  197  38:14  Tempest  
  192  38:39  Tempest  
  192  38:47  Tempest  
  192  38:53  Tempest  
  192  38:58  Gateway  
  192  38:59  Gateway  
  197  39:12  Tempest  
  187  39:21  Tempest  
  197  39:40  Shield Battery, Pylon  
  197  39:42  Shield Battery  
  197  39:43  Shield Battery  
  197  39:45  Shield Battery  
  197  40:04  Shield Battery  
  197  40:05  Shield Battery  
  197  40:07  Shield Battery  
  197  40:39  Pylon  
  189  40:57  Tempest x2  
  185  41:29  Zealot x7  
  199  41:38  Stargate  
  199  41:39  Stargate  
  171  42:08  Gateway  
  171  42:09  Gateway  
  171  42:12  Gateway  
  171  42:14  Oracle x2  
  161  42:17  Gateway  
  161  42:20  Pylon  
  161  42:21  Pylon  
  167  42:33  Stalker  
  168  42:39  Stalker x3  
  174  42:57  Pylon  
  169  43:03  Pylon  
  169  43:07  Pylon  
  169  43:10  Tempest  
  167  43:14  Tempest  
  167  43:15  Zealot x6  
  179  43:24  Pylon  
  179  43:25  Pylon  
  179  43:26  Pylon  
  188  43:27  Pylon  
  186  43:47  Tempest x2  
  172  44:02  Zealot x9  
  197  44:25  Photon Cannon  
  197  44:37  Pylon x2  
  195  44:39  Pylon  
  195  44:41  Pylon  
  195  44:43  Cybernetics Core  
  189  44:51  Tempest x2  
  189  45:08  Pylon  
  184  45:27  Tempest x2  
  178  45:42  Stalker x5  
  179  45:43  Stalker x2  
  172  46:08  Tempest x2, Zealot x2  
  186  46:14  Stalker x2  
  190  46:19  Pylon  
  190  46:21  Pylon  
  181  46:43  Oracle  
  181  46:44  Stalker  
  181  46:45  Stalker x6  
  188  47:10  Oracle x2  
  189  47:55  Tempest x2  
  184  48:12  Stalker x4  
  192  48:13  Stalker  
  192  48:15  Shield Battery  
  192  48:17  Shield Battery  
  192  48:18  Shield Battery  
  191  48:33  Oracle, Tempest  
  181  48:45  Shield Battery x2  
  189  48:53  Stalker x4  
  195  49:07  Gateway  
  171  49:25  Tempest x2  
  173  49:52  Stalker x5  
  178  50:08  Tempest x2  
  157  51:16  Pylon  
  149  51:27  Pylon  
  149  51:28  Pylon  
  149  51:37  Cybernetics Core  
  134  51:40  Pylon  
  131  51:54  Zealot x5  
  140  52:16  Pylon  
  134  52:34  Robotics Facility  
Show
View Real Time Build Order
Export as new Build Order

ArT Protoss - Winner!

Build Orders: Phoenix Opening, Archon Immortal, Carriers 

Get SALT Encoding   

  12  0:00  Probe  
  13  0:12  Probe  
  14  0:17  Pylon  
  14  0:24  Probe  
  15  0:32  Probe  
  15  0:37  Gateway  
  15  0:40  Probe  
  16  0:48  Assimilator  
  17  0:51  Probe  
  17  0:55  Assimilator  
  18  0:59  Probe  
  19  1:07  Probe  
  19  1:15  Gateway  
  19  1:17  Probe  
  21  1:27  Cybernetics Core  
  21  1:30  Probe  
  22  1:38  Pylon  
  22  1:42  Probe  
  23  1:56  Probe  
  24  2:06  Sentry, Warp Gate  
  29  2:19  Nexus  
  26  2:27  Stalker  
  28  2:35  Pylon  
  28  2:36  Probe  
  29  2:42  Phoenix  
  29  2:45  Stalker  
  29  2:49  Probe  
  31  2:57  Sentry, Probe  
  35  3:08  Probe  
  35  3:10  Pylon  
  36  3:15  Forge  
  36  3:20  Probe  
  37  3:30  Probe x2  
  37  3:32  Stargate  
  39  3:38  Probe x2  
  39  3:39  Phoenix  
  39  3:48  Probe  
  41  3:51  Robotics Facility  
  41  3:52  Probe  
  43  3:56  Protoss Ground Weapons Level 1  
  43  4:00  Probe  
  44  4:04  Probe  
  44  4:06  Oracle  
  44  4:07  Stalker  
  47  4:12  Probe  
  47  4:16  Probe  
  49  4:21  Pylon  
  52  4:24  Probe  
  52  4:28  Probe  
  52  4:29  Assimilator  
  54  4:33  Assimilator  
  54  4:34  Oracle  
  54  4:36  Probe  
  55  4:39  Gateway  
  55  4:42  Probe  
  59  4:48  Gateway  
  59  4:53  Probe  
  59  4:54  Probe  
  59  4:56  Observer  
  59  4:58  Pylon  
  62  5:08  Pylon  
  62  5:10  Probe x2  
  64  5:14  Immortal, Twilight Council  
  68  5:33  Nexus  
  68  5:41  Charge  
  68  5:43  Observer  
  68  5:44  Immortal  
  65  5:50  Probe x2  
  65  5:55  Pylon  
  71  6:05  Gateway x2  
  71  6:06  Protoss Ground Weapons Level 2  
  71  6:13  Templar Archives  
  71  6:14  Shield Battery  
  71  6:18  Probe  
  73  6:23  Stalker x2  
  74  6:32  Stalker  
  74  6:33  Stalker  
  78  6:41  Immortal  
  78  6:45  Shield Battery  
  76  6:47  Probe  
  76  6:49  Probe  
  76  6:50  Probe  
  76  6:53  Adept x2  
  83  7:00  Zealot x3  
  89  7:02  Probe  
  89  7:03  Probe  
  91  7:12  Gateway  
  91  7:13  Gateway  
  91  7:15  Probe x2  
  93  7:16  Probe  
  93  7:27  Probe  
  94  7:32  Immortal, Probe x2  
  95  7:40  Probe  
  95  7:42  Pylon x2  
  94  7:44  Probe  
  94  7:49  High Templar x4  
  101  7:53  Pylon  
  101  7:54  Assimilator  
  99  7:59  Assimilator, Zealot x2  
  99  8:00  Archon  
  99  8:01  Archon  
  99  8:02  Photon Cannon, Warp Prism  
  99  8:03  Probe x2  
  99  8:05  Pylon  
  105  8:15  High Templar x2  
  109  8:20  Pylon  
  109  8:26  Protoss Ground Weapons Level 3, Archon  
  109  8:30  Robotics Bay, Pylon  
  109  8:34  Zealot  
  109  8:36  Observer  
  109  8:37  Robotics Facility, Zealot x4  
  119  8:49  Photon Cannon  
  119  8:52  Photon Cannon  
  119  8:53  Gateway  
  119  9:10  Blink  
  119  9:12  Nexus  
  119  9:13  Pylon  
  119  9:14  Disruptor  
  119  9:17  Disruptor  
  119  9:22  Pylon  
  122  9:29  Gravitic Drive  
  122  9:30  Zealot x3  
  131  9:36  High Templar x2  
  131  9:37  Zealot x2  
  139  9:41  Archon  
  139  9:42  Zealot  
  140  9:47  Phoenix  
  140  9:50  Disruptor, Zealot x2  
  140  9:51  Zealot  
  148  9:55  Disruptor  
  154  10:10  Dark Shrine  
  154  10:12  Zealot x4  
  160  10:17  Zealot  
  162  10:23  Zealot  
  162  10:24  Zealot  
  162  10:28  Photon Cannon  
  166  10:32  High Templar  
  166  10:33  High Templar, Zealot x2  
  172  10:42  Archon  
  168  10:45  Zealot x3  
  168  10:46  Probe  
  168  10:47  Probe  
  168  10:48  Observer  
  176  10:55  Unknown  
  176  10:56  Warp Prism  
  179  11:01  Probe  
  179  11:02  Probe  
  181  11:08  Protoss Shields Level 1  
  181  11:09  High Templar x4  
  187  11:13  Archon  
  187  11:17  Archon, Pylon  
  184  11:22  Pylon  
  184  11:25  Zealot x2  
  188  11:35  Pylon  
  188  11:38  Zealot  
  188  11:39  Shadow Stride, Zealot x2  
  194  11:45  Disruptor  
  186  11:47  Disruptor  
  186  11:50  Probe x2  
  192  12:00  Nexus  
  191  12:05  Zealot x4  
  191  12:06  Zealot x3  
  190  12:18  Gateway  
  190  12:20  Gateway  
  190  12:21  Fleet Beacon  
  190  12:29  Probe  
  191  12:30  Photon Cannon  
  191  12:33  Shield Battery  
  190  12:37  Observer  
  190  12:38  Photon Cannon, Shield Battery  
  190  12:40  Pylon  
  190  12:44  Observer  
  190  12:51  Zealot  
  192  12:57  Dark Templar  
  192  12:58  Dark Templar x4  
  198  13:04  Protoss Ground Armor Level 1  
  200  13:27  Archon x2  
  195  13:58  Photon Cannon  
  195  13:59  Stargate  
  195  14:00  Photon Cannon  
  195  14:01  Stargate  
  195  14:02  Shield Battery  
  193  14:04  Stargate  
  193  14:06  Assimilator, Mothership  
  193  14:33  Disruptor x2  
  199  14:48  Assimilator  
  199  14:55  Protoss Air Weapons Level 1  
  197  15:08  Pylon  
  197  15:10  Disruptor  
  196  15:41  Dark Templar x6  
  200  15:55  Carrier x2  
  200  15:56  Carrier  
  186  16:03  Stalker x5  
  175  16:16  Disruptor x2  
  177  16:19  Stalker x4  
  177  16:20  Stalker x2  
  174  16:31  Stalker x3  
  174  16:32  Stalker x2  
  173  16:34  Probe x2  
  168  16:46  Dark Templar x2, Zealot  
  168  16:47  Zealot x3  
  176  16:49  Carrier  
  176  16:52  Disruptor  
  176  16:54  Carrier  
  183  17:00  Nexus  
  195  17:09  Shield Battery  
  191  17:18  Carrier  
  191  17:19  Gateway  
  191  17:21  Photon Cannon  
  191  17:40  Disruptor  
  191  17:48  Carrier  
  194  17:55  Dark Templar x3  
  194  17:59  Observer  
  194  18:07  Carrier  
  200  18:16  Cybernetics Core, Protoss Air Weapons Level 2  
  200  18:18  Nexus  
  196  18:37  Pylon  
  196  18:40  Assimilator  
  196  18:44  Pylon  
  196  18:45  Stargate  
  196  18:46  Assimilator  
  196  18:48  Oracle  
  199  18:50  Assimilator, Stargate  
  199  18:51  Observer  
  192  19:11  Photon Cannon  
  192  19:13  Photon Cannon, Shield Battery  
  187  19:17  Zealot x6  
  187  19:18  Photon Cannon, Assimilator  
  194  19:33  Observer  
  194  19:34  Dark Templar  
  194  19:35  Zealot x3  
  194  19:38  Observer  
  183  19:55  Photon Cannon, Observer  
  183  19:59  Photon Cannon  
  181  20:01  Photon Cannon  
  181  20:03  Carrier  
  181  20:04  Carrier x2  
  181  20:06  Protoss Ground Armor Level 2  
  199  20:16  Nexus  
  199  20:18  Pylon  
  199  20:23  Photon Cannon  
  199  20:26  Photon Cannon  
  199  20:41  Gravitic Boosters  
  199  20:47  Protoss Air Armor Level 1  
  193  21:06  Protoss Air Weapons Level 3  
  193  21:10  Oracle  
  194  21:24  Photon Cannon  
  194  21:26  Unknown  
  194  21:27  Tempest  
  194  21:28  Photon Cannon  
  199  21:33  Gateway  
  199  21:35  Gateway  
  199  21:36  Gateway  
  195  22:00  Tempest x4  
  195  22:05  Zealot x3  
  199  22:28  Photon Cannon  
  199  22:31  Shield Battery  
  199  22:32  Nexus, Pylon  
  199  22:33  Assimilator  
  199  22:35  Assimilator, Pylon  
  193  23:04  Tempest x2  
  193  23:05  Tempest  
  200  23:11  Dark Templar x2  
  199  23:25  Archon  
  179  23:49  Observer  
  179  23:52  Tempest x2  
  179  23:53  Tempest  
  199  23:59  Nexus  
  195  24:12  Dark Templar x2  
  199  24:18  Photon Cannon x2  
  194  24:24  Photon Cannon  
  194  24:29  Zealot x3  
  194  24:30  Zealot  
  194  24:38  Oracle x2  
  194  24:43  Stargate  
  194  24:44  Probe  
  188  24:47  Pylon  
  179  24:56  Dark Templar  
  182  25:07  Observer  
  182  25:09  Stalker x3  
  182  25:10  Stalker x9  
  194  25:43  Photon Cannon, Gateway  
  194  25:44  Gateway  
  194  25:45  Photon Cannon  
  194  25:47  Gateway x2, Assimilator  
  194  25:51  Assimilator  
  195  26:07  Zealot x2  
  198  26:11  Cybernetics Core  
  195  26:20  Dark Templar  
  195  26:21  Zealot  
  199  26:31  Probe  
  200  26:55  Gateway  
  200  26:57  Gateway  
  200  26:58  Gateway  
  200  27:04  Pylon  
  200  27:06  Pylon  
  200  27:08  Pylon  
  200  27:10  Pylon  
  200  27:12  Pylon  
  200  27:14  Pylon  
  200  27:16  Pylon  
  200  27:18  Pylon  
  200  27:21  Pylon  
  200  27:22  Pylon  
  200  27:24  Pylon, Robotics Facility  
  200  27:28  Pylon  
  200  27:31  Pylon  
  198  27:45  Pylon  
  198  27:54  Nexus  
  198  27:56  Gateway, Pylon  
  198  27:58  Gateway  
  198  27:59  Gateway x2  
  196  28:22  Forge  
  196  28:26  Pylon  
  193  28:38  Stargate  
  193  28:39  Stargate  
  193  28:47  Shield Battery  
  193  28:48  Shield Battery  
  193  28:49  Shield Battery  
  193  29:00  Gateway  
  193  29:01  Gateway  
  193  29:06  Gateway  
  193  29:09  Gateway  
  193  29:10  Gateway  
  193  29:29  Pylon  
  193  29:35  Oracle  
  193  29:36  Oracle  
  193  29:37  Gateway  
  193  29:38  Cybernetics Core  
  193  29:41  Photon Cannon  
  180  30:38  Fleet Beacon  
  180  30:40  Stargate  
  180  30:42  Stargate  
  180  30:46  Stargate  
  177  30:53  Robotics Bay  
  177  30:56  Observer  
  178  30:57  Robotics Facility  
  178  31:04  Oracle  
  178  31:12  Zealot x8  
  178  31:13  Zealot x3  
  198  31:27  Zealot x2  
  198  31:31  Tempest  
  197  31:38  Zealot x2  
  197  31:39  Zealot x3  
  199  31:46  Disruptor x2  
  194  31:52  Zealot x3  
  198  32:06  Nexus  
  182  32:18  Tempest x3  
  197  32:36  Assimilator  
  197  32:38  Pylon  
  197  32:40  Shield Battery  
  197  32:41  Shield Battery  
  197  32:43  Zealot  
  195  33:12  Twilight Council  
  184  33:31  Stalker x3  
  190  33:35  Tempest  
  190  33:36  Tempest  
  200  33:44  Tempest  
  196  34:14  Tempest  
  199  34:29  Pylon  
  199  34:31  Pylon  
  199  34:41  Assimilator  
  193  34:49  Zealot  
  195  35:14  Tempest  
  200  35:22  Photon Cannon  
  200  35:23  Shield Battery  
  200  35:25  Photon Cannon  
  200  35:27  Shield Battery  
  198  36:08  Oracle  
  185  36:39  Disruptor x2  
  181  36:49  Tempest x2  
  181  36:50  Tempest  
  196  36:55  Oracle  
  190  37:30  Dark Shrine  
  190  37:32  Zealot x5  
  196  37:58  Pylon  
  196  38:01  Pylon  
  196  38:10  Tempest x2  
  198  38:17  Mothership  
  191  38:27  Protoss Shields Level 2  
  188  38:38  Protoss Air Armor Level 2  
  193  38:58  Oracle x2  
  199  39:03  Gateway, Photon Cannon  
  199  39:06  Shield Battery  
  199  39:07  Shield Battery  
  199  39:10  Photon Cannon  
  199  39:12  Photon Cannon  
  199  39:14  Photon Cannon  
  199  39:16  Shield Battery  
  199  39:17  Shield Battery  
  199  39:36  Photon Cannon  
  199  39:39  Pylon  
  199  39:42  Observer  
  194  40:25  Zealot  
  191  40:36  Tempest  
  191  40:46  Oracle  
  191  40:49  Observer  
  194  41:10  Observer  
  189  41:12  Tempest  
  189  41:13  Tempest x2  
  194  41:25  Zealot  
  196  41:29  Zealot  
  194  42:12  Tempest  
  197  42:42  Dark Templar  
  197  42:50  Zealot  
  193  43:00  Oracle  
  194  43:28  Protoss Air Armor Level 3  
  194  43:30  Zealot x3  
  198  44:35  Zealot x2  
  196  45:00  Photon Cannon  
  192  45:07  Oracle x2  
  196  45:35  Oracle  
  198  45:40  Tempest  
  190  45:59  Tempest x2  
  200  46:16  Pylon  
  186  47:19  Carrier x2  
  183  47:59  Carrier x2  
  195  48:06  Zealot  
  183  48:24  Gateway  
  181  48:28  Photon Cannon  
  169  48:39  Carrier x3  
  187  48:48  Zealot  
  174  50:03  Zealot x7  
  174  50:04  Zealot x6  
  194  50:36  Zealot x3  
  176  50:44  Stalker  
  172  51:01  Zealot x3  
  172  51:02  Zealot x3  
  175  51:06  Zealot x4  
  175  51:07  Zealot  
  183  51:37  Zealot x2  
  183  51:38  Zealot x6  
  197  52:15  Zealot  
Tags
 
Add a new tag
Caveats
  • Supply blocks, unpowered buildings, or Contaminate may cause inaccurate times.
  • Supply counts are checked every 10 seconds.